 Dungeon Crawl Stone Soup version 0.29-a0-222-g5b244fca1f (webtiles) character file.

Game seed: 674018348185765041

179 ReploidZero the Twirler (level 5, -14/28 HPs)
             Began as a Vine Stalker Gladiator on Feb 27, 2022.
             Killed by an exploding scorpion (18 damage)
             ... ignited by their inner flame
             ... on level 4 of the Dungeon.
             The game lasted 00:04:16 (2798 turns).

ReploidZero the Twirler (Vine Stalker Gladiator)    Turns: 2798, Time: 00:04:17

Health: -14/28     AC:  7    Str: 16 (18) XL:     5   Next: 59%
Magic:  0/6        EV: 12    Int:  6 (8)  God:
Gold:   102        SH:  0    Dex: 14 (16) Spells: 4/4 levels left

rFire   . . .      SeeInvis .   a - +1 quarterstaff
rCold   . . .      Faith    .   (shield currently unavailable)
rNeg    . . .      Spirit   +   j - +3 leather armour
rPois   +          Reflect  .   c - +0 helmet
rElec   .          Harm     .   (no cloak)
rCorr   .          Rampage  .   (no gloves)
Will    +....                   (no boots)
Stlth   +.........              k - amulet of magic regeneration
HPRegen 0.89/turn               g - ring of poison resistance
MPRegen 0.50/turn               l - ring of willpower

@: lethally poisoned (-14 -> -16)
A: fangs 2, regeneration 1, magic shield, antimagic bite, no potion heal 2
a: no special abilities


You were on level 4 of the Dungeon.
You visited 1 branch of the dungeon, and saw 4 of its levels.

You collected 102 gold pieces.

Inventory:

Hand Weapons
 a - a +1 quarterstaff (weapon)
Missiles
 d - 3 throwing nets (quivered)
Armour
 c - a +0 helmet (worn)
 i - a +2 pair of boots
 j - a +3 leather armour (worn)
Jewellery
 g - a ring of poison resistance (left hand)
 k - an amulet of magic regeneration (around neck)
 l - a ring of willpower (right hand)
Scrolls
 f - a scroll of fear
 h - a scroll of enchant armour {unknown}
 n - 3 scrolls of identify {unknown}
 o - a scroll of magic mapping {unknown}
 q - a scroll of teleportation {unknown}
Potions
 e - 3 potions of flight {unknown}
 r - a potion of heal wounds {unknown}
 s - a potion of attraction {unknown}


   Skills:
 + Level 3.2 Fighting
 + Level 3.8 Staves
 - Level 1.7 Throwing
 + Level 3.5 Dodging


You had 4 spell levels left.
You didn't know any spells.
Your spell library contained the following spells:

 Spells                   Type           Power      Damage    Failure   Level
 Animate Skeleton         Necr           0%         N/A       52%         1
 Apportation              Tloc           0%         N/A       52%         1
 Summon Small Mammal      Summ           0%         N/A       52%         1
 Blink                    Tloc           0%         N/A       67%         2
 Confusing Touch          Hex            0%         N/A       88%         3
 Lesser Beckoning         Tloc           0%         N/A       88%         3
 Tukima's Dance           Hex            0%         N/A       88%         3
 Passage of Golubria      Tloc           0%         N/A       99%         4
 Manifold Assault         Tloc           0%         N/A       100%        5
 Yara's Violent Unravell  Hex/Tmut       0%         3d3       100%        5
 Enfeeble                 Hex            0%         N/A       100%        7


Dungeon Overview and Level Annotations

Branches:
Dungeon (4/15)
 Temple: D:4-7

Altars:
Zin

Annotations:
D:4 Grinder, Pikel


Innate Abilities, Weirdness & Mutations

You have extremely sharp teeth.
Your natural rate of healing is unusually fast.
When hurt, damage is shared between your health and your magic reserves.
Your bite disrupts and absorbs the magic of your enemies.
Potions cannot restore your health.


Message History

You feel weakened.
You feel dopey.
You feel clumsy.
As you read the scroll labelled BUIH AQ MUIPU, it crumbles to dust.
It is a scroll of enchant weapon.
Your +0 quarterstaff glows red for a moment.
The lemure closely misses you. Pikel barely misses you.
Grinder gestures at you. You resist with almost no effort.
As you read the scroll labelled TOAGA QENYDGH, it crumbles to dust.
The creatures around you are filled with an inner flame!
It was a scroll of immolation.
The scorpion closely misses you. The lemure hits you.
Pikel completely misses you. Grinder misses you.
You barely miss the scorpion. Your bite misses the scorpion.
The scorpion stings you.
You are poisoned.
The scorpion poisons you! The lemure barely misses you.
Pikel barely misses you. Grinder hits you but does no damage.
The scorpion barely misses you.
You hit the scorpion.
Flame seeps out of the scorpion. x2
You bite the scorpion. You drain its power.
The scorpion is moderately wounded.
You feel very sick. The lemure hits you but does no damage. Pikel misses you.
Grinder barely misses you.
The scorpion is engulfed in blazing flames.
Flame seeps out of the scorpion.
The scorpion stings you!
You barely miss the scorpion.
You bite the scorpion, but do no damage.
The scorpion is severely wounded.
You feel sick. The lemure misses you.
Pikel hits you with a +1 whip of freezing!
* * * LOW HITPOINT WARNING * * *
Pikel freezes you.
* * * LOW HITPOINT WARNING * * *
The scorpion is engulfed in blazing flames.
The scorpion explodes!
The fiery explosion engulfs Grinder!!
Flame seeps out of Grinder.
Grinder is almost dead.
The fiery explosion engulfs you!!
Ouch! That really hurt!
You die...

#.............#.....###
###..####
#...5..)....)...###.# #...##
...........)...## #.# #.#.#
#....>........## ##.#####...##
##########...#####..#........#
###........#..##........#
#..........#o##.........#
#.#........5K5..........# #
#.......5@#.†.<.......#
#......§°##.......(...# # #
####.##...§§..s....#######
..#.#.#..#........[....#
#...#...#....>.........#
#...#.....#.)........#
#...#..##.#..........#
#...#...........########
.s#.#.##)......>#


You could see Pikel (inner flame), Grinder (inner flame), 2 lemures and an orc
(inner flame).

Vanquished Creatures
  A lemure (D:3)
  2 scorpions (D:4)
  An orc wizard (D:3)
  An adder (D:3)
  An ufetubus (D:4)
  2 dart slugs
  3 orcs (D:3)
  4 endoplasms
  5 giant cockroaches
  6 goblins
  6 hobgoblins
  2 jackals (D:3)
  5 quokkas
  13 ball pythons
  5 bats
  A frilled lizard (D:3)
  7 kobolds
  9 rats
74 creatures vanquished.

Vanquished Creatures (others)
  2 plants (D:2)
2 creatures vanquished.

Grand Total: 76 creatures vanquished

Notes
Turn   | Place    | Note
-------+----------+-------------------------------------------
     0 | D:1      | ReploidZero the Vine Stalker Gladiator began the quest for
                  | the Orb.
     0 | D:1      | Reached XP level 1. HP: 11/11 MP: 2/2
    99 | D:1      | Found a faded altar of an unknown god.
   117 | D:1      | Reached XP level 2. HP: 15/15 MP: 1/3
   499 | D:1      | Reached XP level 3. HP: 14/18 MP: 4/4
  1933 | D:3      | Gained mutation: Your natural rate of healing is unusually
                  | fast. [Vine Stalker growth]
  1933 | D:3      | Reached XP level 4. HP: 23/23 MP: 5/5
  2372 | D:3      | Found a glowing silver altar of Zin.
  2608 | D:4      | Noticed a scorpion
  2616 | D:4      | Killed a scorpion
  2617 | D:4      | Reached XP level 5. HP: 28/28 MP: 6/6
  2698 | D:4      | Noticed a lemure
  2699 | D:4      | Noticed a lemure
  2700 | D:4      | Noticed Pikel
  2701 | D:4      | Noticed a lemure
  2740 | D:3      | Killed a lemure
  2769 | D:4      | Noticed a lemure
  2784 | D:4      | Noticed Grinder
  2798 | D:4      | Killed by an exploding scorpion... ignited by their inner
                  | flame

Illustrated notes

Levels and vault maps discovered:
D:1:      dpeg_arrival_subterranean_lakeside_camping, layout_basic,
          nicolae_ecumenical_snake_handling, nrook_mini_vaults,
          chequers_serial_rivers_marsh
D:2:      layout_loops_ring, serial_glass, glass_columns_a, glass_columns_a,
          hangedman_decor_lopped, serial_bayou_lagoon_b
D:3:      layout_basic, pf_just_have_faith, minmay_misc_feat_x,
          wander_ebering_terrifying_dragon_lair
D:4:      layout_rooms, mainiacjoe_overflow_boulevard, kennysheep_mini,
          serial_shops, kennysheep_mini_moat, minmay_misc_feat_alley,
          uniq_grinder, uniq_pikel

Skill      XL: |  1  2  3  4 |
---------------+-------------+-----
Fighting       | 2 3 |  3.2
Staves         | 3 |  3.8
Dodging        | 3 |  3.5
Throwing       | |  1.7

Action                   |  1- 3 |  4- 6 || total
-------------------------+-------+-------++-------
Melee: Quarterstaff      |    91 |    84 ||   175
       Bite              |    17 |    23 ||    40
  Use: Scroll            |     1 |     2 ||     3
       Potion            |       |     1 ||     1
 Stab: Sleeping          |     2 |     1 ||     3
       Distracted        |       |     1 ||     1
Armor: Leather armour    |    24 |    28 ||    52
Dodge: Dodged            |    45 |    63 ||   108

Table legend: (Time is in decaauts)
 A = Elapsed time spent in this place.
 B = Non-inter-level travel time spent in this place.
 C = Inter-level travel time spent in this place.
 D = Time resting spent in this place.
 E = Time spent auto-exploring this place.
 F = Levels seen in this place.
 G = Mean time per level.
                   A        B        C        D        E       F      G
               +--------+--------+--------+--------+--------+-----+--------+
         Total |   2844 |   2709 |    135 |      0 |   2167 |   4 |  711.0 |
       Dungeon |   2844 |   2709 |    135 |      0 |   2167 |   4 |  711.0 |
               +--------+--------+--------+--------+--------+-----+--------+

Top non-repeatable levels by time:
     D:1: 991 daAuts
     D:3: 867 daAuts
     D:2: 822 daAuts
     D:4: 163 daAuts
